Map: [ESL] Alcyone

Players

Nina

  • Race: Protoss Protoss
  • Spawn Location: 7:00

Scarlett - Winner!

  • Race: Zerg Zerg
  • Spawn Location: 1:00

VOD

Have the link to the VOD?

Description

Time

  • Played on: May 2, 2024, 2:33 p.m.
  • Length: 6:17
Show
View Real Time Build Order
Export as new Build Order

Nina Protoss 

Build Orders: 1 Gate Expand 

Get SALT Encoding   

  12  0:00  Probe  
  13  0:12  Probe  
  14  0:18  Pylon  
  14  0:24  Probe (Chrono Boost)  
  15  0:36  Probe (Chrono Boost)  
  15  0:38  Gateway  
  16  0:45  Probe (Chrono Boost)  
  16  0:48  Assimilator  
  17  0:50  Probe  
  18  1:03  Probe  
  19  1:15  Probe  
  20  1:24  Nexus  
  20  1:33  Cybernetics Core  
  20  1:35  Probe (Chrono Boost)  
  21  1:41  Pylon  
  22  1:47  Probe (Chrono Boost)  
  22  1:50  Assimilator  
  22  1:52  Probe (Chrono Boost)  
  23  2:02  Probe  
  23  2:08  Stalker (Chrono Boost)  
  24  2:09  Warp Gate (Chrono Boost)  
  24  2:14  Probe  
  27  2:26  Probe (Chrono Boost)  
  28  2:31  Zealot  
  30  2:38  Probe (Chrono Boost)  
  32  2:44  Probe (Chrono Boost)  
  32  2:47  Probe (Chrono Boost)  
  32  2:49  Nexus  
  34  2:51  Probe (Chrono Boost)  
  34  2:58  Gateway  
  34  3:00  Probe  
  35  3:07  Probe  
  35  3:10  Gateway  
  35  3:12  Probe  
  37  3:20  Twilight Council  
  37  3:22  Forge  
  37  3:23  Probe  
  38  3:27  Probe  
  38  3:30  Shield Battery  
  39  3:35  Gateway  
  39  3:36  Probe  
  39  3:39  Probe  
  39  3:41  Pylon  
  41  3:48  Probe  
  41  3:51  Probe, Zealot  
  45  3:58  Protoss Ground Weapons Level 1 (Chrono Boost)  
  45  4:00  Charge (Chrono Boost), Zealot  
  48  4:05  Probe x2 (Chrono Boost)  
  48  4:06  Zealot  
  48  4:08  Probe (Chrono Boost)  
  52  4:13  Zealot  
  55  4:19  Probe (Chrono Boost)  
  55  4:20  Gateway  
  55  4:21  Gateway  
  55  4:24  Probe x2 (Chrono Boost)  
  57  4:27  Zealot  
  57  4:28  Zealot  
  57  4:31  Zealot  
  63  4:32  Probe  
  63  4:34  Probe  
  63  4:35  Probe  
  66  4:38  Pylon  
  66  4:45  Probe  
  67  4:46  Zealot  
  67  4:48  Pylon  
  69  4:56  Probe x2  
  69  4:57  Probe  
  69  4:58  Pylon  
  72  5:01  Zealot x2  
  72  5:06  Zealot  
  72  5:07  Zealot  
  80  5:10  Shield Battery  
  80  5:12  Pylon  
  79  5:15  Zealot x2  
  81  5:22  Zealot x2  
  81  5:28  Zealot x2  
  68  5:36  Zealot x2  
  68  5:42  Zealot x2  
  64  5:48  Stalker x2  
  56  5:58  Stalker x2  
  56  6:03  Zealot x2  
  51  6:09  Zealot x2  
Show
View Real Time Build Order
Export as new Build Order

Scarlett Zerg - Winner!

Build Orders: Hatch First 

Get SALT Encoding   

  12  0:00  Drone  
  13  0:12  Overlord  
  13  0:17  Drone  
  14  0:30  Drone x2  
  16  0:35  Drone  
  17  0:51  Hatchery  
  17  0:55  Drone  
  17  0:58  Drone  
  18  1:09  Extractor  
  17  1:13  Spawning Pool  
  17  1:15  Drone  
  17  1:19  Drone  
  18  1:27  Drone  
  19  1:38  Drone  
  20  1:49  Overlord  
  20  1:59  Queen  
  22  2:03  Zergling x4  
  22  2:05  Queen  
  26  2:12  Metabolic Boost  
  26  2:14  Zergling x2  
  27  2:19  Drone  
  28  2:26  Drone x2  
  30  2:37  Drone x2  
  30  2:42  Queen  
  30  2:43  Overlord  
  34  2:50  Hatchery  
  33  2:53  Drone  
  33  2:57  Drone x2  
  36  3:04  Queen  
  38  3:10  Drone x5  
  43  3:14  Drone  
  43  3:15  Overlord  
  44  3:26  Extractor, Roach Warren  
  42  3:27  Drone x2  
  42  3:30  Overlord  
  44  3:35  Drone x2  
  44  3:37  Queen  
  48  3:42  Drone  
  48  3:44  Drone x3  
  52  4:00  Overlord x2  
  52  4:04  Drone  
  52  4:07  Roach  
  52  4:08  Roach x4  
  52  4:09  Extractor  
  62  4:12  Overlord x2  
  62  4:19  Roach x3  
  68  4:24  Roach x2  
  68  4:30  Overlord, Roach  
  74  4:35  Roach x2  
  74  4:36  Zergling x4  
  80  4:45  Roach x3  
  86  4:51  Zergling x8, Roach x2  
  94  4:58  Ravager, Zergling x2  
  96  5:01  Zergling x4  
  96  5:06  Zergling x4, Roach x2  
  104  5:09  Overlord  
  104  5:12  Overlord  
  104  5:16  Overlord  
  103  5:28  Ravager  
  103  5:29  Zergling x6  
  103  5:33  Zergling x4, Roach x6  
  114  5:35  Zergling x2  
  114  5:38  Zergling x2, Roach  
  112  5:44  Ravager  
  112  5:45  Zergling x2  
  112  5:49  Zergling x4  
  115  5:52  Ravager  
  115  5:53  Zergling x2  
  115  5:56  Ravager  
  110  5:59  Zergling x2  
  113  6:06  Ravager  
Tags
 
Add a new tag
Caveats
  • Supply blocks, unpowered buildings, or Contaminate may cause inaccurate times.
  • Supply counts are checked every 10 seconds.